 Dungeon Crawl Stone Soup version 0.30-a0-381-g6ea064c7b4 (webtiles) character file.

Game seed: 12551407555856217267

378 lokiplouj the Covered (level 6, -21/55 HPs)
             Began as an Armataur Berserker on Dec 1, 2022.
             Was a Believer of Trog.
             Demolished by an ogre
             ... wielding a +0 giant club
              (29 damage)
             ... on level 5 of the Dungeon.
             The game lasted 00:04:39 (4193 turns).

lokiplouj the Covered (Armataur Berserker)          Turns: 4193, Time: 00:04:40

Health: -21/55     AC: 16    Str: 24    XL:     6   Next: 45%
Magic:  6/6        EV:  5    Int:  7    God:    Trog [**....]
Gold:   280        SH:  3    Dex: 10    Spells: 5/5 levels left

rFire   . . .      SeeInvis .    t - +2 mace (vorpal)
rCold   . . .      Faith    .    x - +0 buckler
rNeg    . . .      Spirit   .    v - +0 plate armour
rPois   .          Reflect  .    r - +2 helmet
rElec   .          Harm     .    (no cloak)
rCorr   .          Roll     +    q - +2 pair of gloves
Will    .....                    (no barding)
Stlth   ..........               j - amulet of the acrobat
HPRegen 0.29/turn                (no ring)
MPRegen 0.10/turn                (no ring)

@: no status effects
A: large, rugged brown scales 3, deformed body, armoured tail, roll, long
tongue, awkward tongue
a: Renounce Religion, Berserk, Trog's Hand


You were on level 5 of the Dungeon.
You worshipped Trog.
Trog was pleased with you.
You visited 1 branch of the dungeon, and saw 5 of its levels.

You collected 280 gold pieces.

Inventory:

Hand Weapons
 a - a +0 hand axe
 t - a +2 vorpal mace (weapon)
Armour
 b - a +0 animal skin
 q - a +2 pair of gloves (worn)
 r - a +2 helmet (worn)
 s - a +0 scale mail
 v - a +0 plate armour (worn)
 x - a +0 buckler (worn)
Jewellery
 j - an amulet of the acrobat (around neck)
Scrolls
 e - 4 scrolls of noise
 h - a scroll of blinking {unknown}
 l - 4 scrolls of teleportation
 m - a scroll of fog {unknown}
 o - 2 scrolls of vulnerability
 u - a scroll of immolation {unknown}
 y - a scroll of poison {unknown}
 z - a scroll of identify
 A - 2 scrolls of brand weapon {unknown}
Potions
 c - 2 potions of haste {unknown}
 d - 5 potions of curing
 f - a potion of lignification {unknown}
 g - 2 potions of flight {unknown}
 i - a potion of heal wounds {unknown}
 k - 2 potions of magic
 n - 3 potions of attraction {unknown}
 p - 2 potions of ambrosia {unknown}
 w - a potion of mutation {unknown}


   Skills:
 + Level 3.9 Fighting
 + Level 3.5 Axes
 * Level 5.2 Armour
 + Level 2.6 Dodging


You had 5 spell levels left.
You didn't know any spells.
Your spell library was empty.

Dungeon Overview and Level Annotations

Branches:
Dungeon (5/15)             Temple (0/1) D:4

Altars:
Zin

Shops:
D:1 *   D:4 *


Innate Abilities, Weirdness & Mutations

You are completely covered in rugged brown scales. (AC +3, +7% HP)
Armour fits poorly on your strangely shaped body.
You have a long armoured tail.
You roll when moving toward enemies. (Rampage)
Your long tongue fully drains potion bottles. (2x potion effects)
Your tongue gives you trouble enunciating. (1.5x scroll delay)


Message History

An ogre is nearby!
You barely miss the ogre. You block the ogre's attack.
An ogre is nearby!
You hit the ogre.
The ogre is lightly wounded.
The ogre hits you with a +0 giant club!
An ogre is nearby!
You sock the ogre!
The ogre is heavily wounded.
The ogre hits you with a +0 giant club.
An ogre is nearby!
You barely miss the ogre.
The ogre is heavily wounded.
An ogre is nearby!
You hit the ogre.
The ogre is severely wounded.
The ogre hits you with a +0 giant club.
An ogre is nearby!
Unknown command.
You hit the ogre.
The ogre is almost dead.
The ogre hits you with a +0 giant club!!
An ogre is nearby!
You are too injured to fight recklessly!
Unknown command.
You are too injured to fight recklessly!
An ogre is nearby!
You are too injured to fight recklessly!
You closely miss the ogre.
The ogre is almost dead.
The ogre barely misses you.
You closely miss the ogre.
Your tail-slap misses the ogre.
The ogre is almost dead.
The ogre hits you with a +0 giant club!
* * * LOW HITPOINT WARNING * * *
You barely miss the ogre.
The ogre is almost dead.
The ogre hits you with a +0 giant club!!
Ouch! That really hurt!
You die...

#.....<....###.#
#.###.##.#.###.# ##
#.#......#.....#
..#.#....#####....
#.#.#.#........### #
.........##....#
#.#####.#.#.###...##
#......$#...# #####
#.O@......#
#..[......#
#..?......#
#.......###
#.......# #......##
########


You could see an ogre.

Vanquished Creatures
  A black bear (D:4)
  A scorpion (D:4)
  A howler monkey (D:4)
  2 iguanas
  Robin (D:2)
  2 adders
  A white imp (D:5)
  An ufetubus (D:5)
  A worm (D:3)
  2 orcs (D:4)
  8 bats
  2 endoplasms
  3 giant cockroaches
  14 goblins
  14 hobgoblins
  4 jackals (D:2)
  5 kobolds
  3 quokkas
  12 ball pythons
  3 frilled lizards
  2 rats
83 creatures vanquished.

Notes
Turn   | Place    | Note
-------+----------+-------------------------------------------
     0 | D:1      | lokiplouj the Armataur Berserker began the quest for the
                  | Orb.
     0 | D:1      | Reached XP level 1. HP: 19/19 MP: 1/1
    74 | D:1      | Reached XP level 2. HP: 15/26 MP: 2/2
   598 | D:1      | Found Fisko's Assorted Antiques.
   655 | D:1      | Reached skill level 3 in Armour
   829 | D:2      | Reached XP level 3. HP: 28/33 MP: 3/3
   964 | D:2      | Reached ** piety under Trog
  1123 | D:2      | Noticed Robin
  1132 | D:2      | Killed Robin
  1396 | D:2      | Reached XP level 4. HP: 40/40 MP: 4/4
  3048 | D:4      | Found a glowing silver altar of Zin.
  3104 | D:4      | Found Fonyitas's General Store.
  3118 | D:4      | Reached XP level 5. HP: 48/48 MP: 5/5
  3154 | D:4      | Reached skill level 4 in Armour
  3454 | D:4      | Noticed a black bear
  3461 | D:4      | Killed a black bear
  3462 | D:4      | Reached skill level 5 in Armour
  3462 | D:4      | Reached XP level 6. HP: 43/55 MP: 6/6
  3725 | D:4      | Found a staircase to the Ecumenical Temple.
  4063 | D:5      | Entered Level 5 of the Dungeon
  4193 | D:5      | Demolished by an ogre

Illustrated notes

Levels and vault maps discovered:
D:1:      minmay_arrival_radiant_lines, layout_basic, serial_shops,
          nicolae_shop_waterfront
D:2:      layout_loops_ring, uniq_robin
D:3:      layout_loops_corners
D:4:      layout_cave_pods, zin_academy, minmay_temple_entry_enclosed_plants,
          serial_shops, nicolae_shop_crystal
D:5:      layout_basic, mainiacjoe_overflow_surrounded_room, uniq_eustachio

Skill      XL: |  1  2  3  4  5 |
---------------+----------------+-----
Fighting       | 3 |  3.9
Armour         | 3 5 |  5.2
Dodging        | 2 |  2.6
Axes           | 3 |  3.5

Action                   |  1- 3 |  4- 6 || total
-------------------------+-------+-------++-------
Melee: Hand axe          |    97 |    15 ||   112
       Tailslap          |     8 |     7 ||    15
       Mace              |       |   105 ||   105
Invok: Berserk           |     1 |     1 ||     2
  Use: Scroll            |       |     5 ||     5
Armor: Animal skin       |    39 |     1 ||    40
       Plate armour      |       |    62 ||    62
       Scale mail        |       |    11 ||    11
Dodge: Dodged            |    47 |    75 ||   122
Block: Buckler           |       |     3 ||     3

Table legend: (Time is in decaauts)
 A = Elapsed time spent in this place.
 B = Non-inter-level travel time spent in this place.
 C = Inter-level travel time spent in this place.
 D = Time resting spent in this place.
 E = Time spent auto-exploring this place.
 F = Levels seen in this place.
 G = Mean time per level.
                   A        B        C        D        E       F      G
               +--------+--------+--------+--------+--------+-----+--------+
         Total |   4264 |   3890 |    374 |    423 |   2933 |   5 |  852.8 |
       Dungeon |   4264 |   3890 |    374 |    423 |   2933 |   5 |  852.8 |
               +--------+--------+--------+--------+--------+-----+--------+

Top non-repeatable levels by time:
     D:2: 1266 daAuts
     D:4: 1070 daAuts
     D:1: 929 daAuts
     D:3: 861 daAuts
     D:5: 136 daAuts
